 Dungeon Crawl Stone Soup version 0.20.1-1-g8b1a95d (webtiles) character file.

32 Gargoyl the Skirmisher (level 3, -7/33 HPs)
             Began as a Minotaur Abyssal Knight on July 24, 2017.
             Was an Initiate of Lugonu.
             Killed from afar by Sigmund (8 damage)
             ... with a magic dart
             ... on level 2 of the Dungeon.
             The game lasted 00:02:09 (1491 turns).

Gargoyl the Skirmisher (Minotaur Abyssal Knight)    Turns: 1491, Time: 00:02:09

Health: -7/33      AC:  6    Str: 16    XL:     3   Next: 10%
Magic:  12/12      EV:  9    Int:  9    God:    Lugonu [......]
Gold:   75         SH:  0    Dex: 10    Spells: 2/2 levels left

rFire    . . .     SeeInvis .   a - +1 hand axe
rCold    . . .     Gourm    .   (no shield)
rNeg     + . .     Faith    .   q - +0 scale mail
rPois    .         Spirit   .   (helmet restricted)
rElec    +         Reflect  .   (no cloak)
rCorr    .         Harm     .   (no gloves)
MR       .....                  (no boots)
Stlth    ..........             (no amulet)
Regen    0.2/turn               i - ring of the Visionary {rElec rN+ MP+9}
MPRegen  0.2/turn               (no ring)

@: confused, hasted, very quick
A: retaliatory headbutt, horns 2
a: Renounce Religion


You were on level 2 of the Dungeon.
You worshipped Lugonu.
Lugonu was noncommittal.
You were not hungry.

You visited 1 branch of the dungeon, and saw 2 of its levels.
You visited the Abyss 1 time.

You collected 75 gold pieces.

Inventory:

Hand Weapons
 a - a +1 hand axe (weapon)
Armour
 q - a +0 scale mail (worn)
Jewellery
 i - the ring of the Visionary (left hand) {rElec rN+ MP+9}
   (You found it on level 2 of the Abyss)

   [ring of magical power]

   It insulates you from electricity.
   It protects you from negative energy.
   It affects your magic capacity (+9).
Wands
 j - a wand of confusion (23/48)
Scrolls
 h - 2 scrolls of identify
 l - a scroll of blinking
 m - 3 scrolls of remove curse
 o - a scroll of immolation {unknown}
Potions
 e - a potion of mutation {unknown}
 k - 2 potions of haste
 n - 2 potions of heal wounds {unknown}
Comestibles
 b - a chunk of flesh
 c - a bread ration
 d - a meat ration
 f - a royal jelly
 g - 4 fruits


   Skills:
 + Level 4.1 Fighting
 + Level 2.8 Axes
 * Level 3.2 Armour
 + Level 1.1 Dodging
 * Level 2.2 Invocations


You had 2 spell levels left.
You didn't know any spells.

Dungeon Overview and Level Annotations

Branches:
Dungeon (2/15)

Altars:

Annotations:
D:2 Sigmund


Innate Abilities, Weirdness & Mutations

You reflexively headbutt those who attack you in melee.
You have a pair of horns on your head.


Message History

Something hits you! The jackal barely misses you.
You miss the jackal.
The jackal bites you but does no damage.
Something hits you but does no damage.
The jackal bites you but does no damage.
You hit the jackal.
You kill the jackal!
Lugonu accepts your kill. Something hits you!
* * * LOW HITPOINT WARNING * * *
Unknown command.
It was a potion of haste.
You feel yourself speed up.
A magic dart appears from out of thin air!
The magic dart hits you!
* * * LOW HITPOINT WARNING * * *
You see here a giant cockroach corpse.
You are confused.
A magic dart appears from out of thin air!
The magic dart hits you!
You die...

#########.#
######################..........
................@.†....{..>.!..[
#####.################.###.###..
#.# ..... .. ## #.# #..#### ##
.####'####### #.. .##.........#
#.. .##.......... #..
.##.......... ##. .####'######.


There were no monsters in sight!

Vanquished Creatures
  2 adders
  3 bats (D:1)
  2 giant cockroaches
  A goblin (D:1)
  A hobgoblin (D:2)
  2 jackals (D:2)
  A kobold (D:1)
  A rat (D:1)
13 creatures vanquished.

Notes
Turn   | Place    | Note
-------+----------+-------------------------------------------
     0 | Abyss:1  | Gargoyl the Minotaur Abyssal Knight began the quest for the Orb.
     0 | Abyss:1  | Reached XP level 1. HP: 19/19 MP: 1/1
     2 | Abyss:1  | Found a corrupted altar of Lugonu.
   116 | Abyss:2  | Got a twitching wooden ring
   162 | Abyss:2  | Noticed a raiju
   162 | Abyss:2  | Identified the ring of the Visionary {rElec rN+ MP+9} (You found it on level 2 of the Abyss)
   163 | Abyss:2  | Noticed a small abomination
   163 | Abyss:2  | Noticed a raiju
   163 | D:1      | Escaped the Abyss
   535 | D:1      | Reached XP level 2. HP: 20/27 MP: 2/2
  1053 | D:1      | Reached skill level 4 in Fighting
  1332 | D:2      | Reached XP level 3. HP: 26/33 MP: 3/3
  1476 | D:2      | Noticed Sigmund
  1485 | D:2      | HP: 1/33 [something/magic dart (4)]
  1491 | D:2      | Killed from afar by Sigmund

Skill      XL: |  1  2 |
---------------+-------+-----
Fighting       | 4 |  4.1
Armour         | 3 |  3.2
Invocations    | 2 |  2.2
Axes           | |  2.8
Dodging        | |  1.1

Action                   || total
-------------------------++-------
Melee: Hand axe          ||    32
       Headbutt          ||     2
Invok: Depart the Abyss  ||     1
  Use: Scroll            ||     5
       Potion            ||     1
  Eat: Chunk             ||     2
Armor: Leather armour    ||     2
       Scale mail        ||    23
Dodge: Dodged            ||    22
